 Dungeon Crawl Stone Soup version 0.28-a0-1567-g1695149f81 (webtiles) character file.

Game seed: 2596921112703217362

36 lmSkywalker the Caller (level 3, -1/24 HPs)
             Began as a Merfolk Summoner on Jan 19, 2022.
             Frozen to death by an endoplasm (2 damage)
             ... on level 2 of the Dungeon.
             The game lasted 00:06:43 (2417 turns).

lmSkywalker the Caller (Merfolk Summoner)           Turns: 2417, Time: 00:06:43

Health: -1/24      AC:  2    Str:  8    XL:     3   Next: 37%
Magic:  3/7        EV: 12    Int: 16    God:
Gold:   32         SH:  0    Dex: 14    Spells: 4/7 levels left

rFire   . . .      SeeInvis .   d - +0 whip
rCold   . . .      Faith    .   (no shield)
rNeg    . . .      Spirit   .   a - +0 robe
rPois   .          Reflect  .   (no helmet)
rElec   .          Harm     .   (no cloak)
rCorr   .          Rampage  .   (no gloves)
Will    .....                   (no boots)
Stlth   ++........              (no amulet)
HPRegen 0.08/turn               (no ring)
MPRegen 0.10/turn               (no ring)

@: no status effects
A: (nimble swimmer 2), mertail
a: no special abilities


You were on level 2 of the Dungeon.
You visited 1 branch of the dungeon, and saw 2 of its levels.

You collected 32 gold pieces.

Inventory:

Hand Weapons
 b - a +0 club
 d - a +0 whip (weapon)
Missiles
 c - 6 curare-tipped darts
Armour
 a - a +0 robe (worn)
 l - a +0 cloak
Magical Staves
 n - a staff of fire
Jewellery
 o - a +4 ring of evasion
Scrolls
 e - a scroll of noise {unknown}
 g - a scroll of enchant weapon {unknown}
 i - 3 scrolls of identify {unknown}
 j - a scroll of immolation {unknown}
 k - a scroll of amnesia {unknown}
Potions
 f - a potion of curing {unknown}
 h - a potion of degeneration {unknown}
 m - a potion of haste {unknown}


   Skills:
 - Level 2.6 Dodging
 - Level 2.1 Stealth
 + Level 2.8 Spellcasting
 + Level 4.6 Summonings


You had 4 spell levels left.
You knew the following spells:

 Your Spells              Type           Power      Damage    Failure   Level
a - Summon Small Mammal   Summ           64%        N/A       3%          1
b - Call Imp              Summ           16%        N/A       4%          2

Your spell library contained the following spells:

 Spells                   Type           Power      Damage    Failure   Level
 Call Canine Familiar     Summ           16%        N/A       9%          3
 Summon Guardian Golem    Hex/Summ       9%         N/A       22%         3
 Summon Lightning Spire   Summ/Air       9%         N/A       58%         4


Dungeon Overview and Level Annotations

Branches:
Dungeon (2/15)

Altars:
Uskayaw

Annotations:
D:1 2 exclusions


Innate Abilities, Weirdness & Mutations

((You are very nimble when in or above water. (Stealth+, EV+, Speed+++)))
Your lower body shifts to a powerful aquatic tail in water.


Message History

Aim: a kobold, wielding a +0 whip Attack!
Your bat closely misses the quokka.
Your bat hits the quokka but does no damage.
The quokka barely misses your bat.
Your bat barely misses the quokka.
The kobold closely misses you. The quokka closely misses your bat.
Your crimson imp blinks!
Casting: Summon Small Mammal (safe; 3% risk of failure)
Confirm with . or Enter, or press ? or * to list all spells.
Your bat disappears in a puff of smoke!
The kobold hits you but does no damage.
Your quokka bites the kobold but does no damage.
Your quokka barely misses the kobold.
Casting: Summon Small Mammal (safe; 3% risk of failure)
Confirm with . or Enter, or press ? or * to list all spells.
A beastly little devil appears in a puff of flame.
The endoplasm barely misses you. The kobold barely misses you.
The endoplasm jiggles.
Your quokka closely misses the kobold.
The endoplasm jiggles.
Your crimson imp barely misses the kobold.
Your quokka bites the kobold.
The kobold hits your quokka with a +0 whip.
Your crimson imp blinks!
Your quokka bites the kobold.
The kobold dies!
The quokka bites your quokka.
Your crimson imp blinks!
Your quokka bites the quokka.
The quokka dies!
The endoplasm barely misses you.
Your quokka disappears in a puff of smoke!
The endoplasm freezes you.
You are frozen.
* * * LOW HITPOINT WARNING * * *
Your crimson imp blinks!
Your crimson imp disappears in a puff of smoke!
Your quokka bites the endoplasm.
The endoplasm freezes you.
You are frozen.
You die...

###### #....# ###.# #.##.######
#.#.## # #.##......# #....#.#
####.####....# #.#..#.# ##
#.......#....### #.#....#
.###.......#....r.#######.#...#
..##.......#..§J..............#
..##.......#....@.).........#.###
...........##...##.####..........
..################.####....#.....
.....................#######.....
####.###########.........# .....
# #.#############.......# ..... #
#................_..#.# ..... #
###############.....#.# #####
########.......###.....#.########


You could see an endoplasm (ally target) and a friendly quokka (summoned).

Vanquished Creatures
  2 dart slugs (D:1)
  An endoplasm (D:1)
  A goblin (D:1)
  A jackal (D:1)
  3 kobolds (D:1)
  A bat (D:1)
  A frilled lizard (D:1)
  2 rats (D:1)
12 creatures vanquished.

Vanquished Creatures (collateral kills)
  An adder (D:2)
  An endoplasm (D:1)
  2 goblins
  3 kobolds
  A quokka (D:2)
  A ball python (D:1)
9 creatures vanquished.

Grand Total: 21 creatures vanquished

Notes
Turn   | Place    | Note
-------+----------+-------------------------------------------
     0 | D:1      | lmSkywalker the Merfolk Summoner began the quest for the
                  | Orb.
     0 | D:1      | Reached XP level 1. HP: 13/13 MP: 3/3
   563 | D:1      | Reached XP level 2. HP: 12/19 MP: 3/5
  1761 | D:2      | Learned a level 2 spell: Call Imp
  1788 | D:2      | Found a hide-covered altar of Uskayaw.
  1973 | D:2      | Reached XP level 3. HP: 24/24 MP: 3/6
  2072 | D:2      | HP: 1/24 [poisoned by an adder]
  2415 | D:2      | HP: 1/24 [frozen (4)]
  2417 | D:2      | Frozen to death by an endoplasm

Illustrated notes

Levels and vault maps discovered:
D:1:      shiori_arrival_maze, layout_loops_ring, minmay_tree_intersection
D:2:      layout_basic, basic_altar

Action                   || total
-------------------------++-------
Melee: Whip              ||    56
       Unarmed           ||    10
       Punch             ||     2
 Cast: Summon Small Mamm ||    29
       Call Imp          ||     5
 Stab: Sleeping          ||     1
Armor: Robe              ||     9
Dodge: Dodged            ||    47

Table legend: (Time is in decaauts)
 A = Elapsed time spent in this place.
 B = Non-inter-level travel time spent in this place.
 C = Inter-level travel time spent in this place.
 D = Time resting spent in this place.
 E = Time spent auto-exploring this place.
 F = Levels seen in this place.
 G = Mean time per level.
                   A        B        C        D        E       F      G
               +--------+--------+--------+--------+--------+-----+--------+
         Total |   2421 |   2350 |     71 |   1018 |    687 |   2 | 1210.5 |
       Dungeon |   2421 |   2350 |     71 |   1018 |    687 |   2 | 1210.5 |
               +--------+--------+--------+--------+--------+-----+--------+

Top non-repeatable levels by time:
     D:1: 1760 daAuts
     D:2: 660 daAuts
